 Dungeon Crawl Stone Soup version 0.29.1-1-gd02db6906a (webtiles) character file.

Game seed: 8374761197810804565

2233 GeoRichter the Reanimator (level 9, -15/69 HPs)
             Began as a Demonspawn Necromancer on Oct 17, 2022.
             Was an Initiate of Gozag.
             Demolished by Gastronok (27 damage)
             ... on level 8 of the Dungeon.
             The game lasted 00:21:11 (9493 turns).

GeoRichter the Reanimator (Demonspawn Necromancer)  Turns: 9493, Time: 00:21:12

Health: -15/69     AC: 12    Str:  5 (8)  XL:     9   Next: 14%
Magic:  1/17       EV: 14    Int: 17 (20) God:    Gozag
Gold:   755        SH:  3    Dex: 12 (15) Spells: 11/19 levels left

rFire   . . .      SeeInvis .   b - +2 short sword (vamp) {!w}
rCold   . . .      Faith    .   B - +0 buckler
rNeg    . . .      Spirit   .   C - +3 leather armour "Xaukhliuhe" {Fly rPois}
rPois   +          Reflect  .   a - +2 helmet
rElec   .          Harm     .   v - +0 cloak
rCorr   .          Rampage  .   (no gloves)
Will    .....                   (no boots)
Stlth   ++........              (no amulet)
HPRegen 0.21/turn               y - ring of flight
MPRegen 0.15/turn               D - +4 ring of evasion

@: attractive, flying
A: claws 1, rugged brown scales 2, powered by death 2, powered by pain 1
a: Renounce Religion, Potion Petition, Call Merchant, Bribe Branch


You were on level 8 of the Dungeon.
You worshipped Gozag.
Gozag was pleased with you.
You visited 2 branches of the dungeon, and saw 9 of its levels.

You collected 834 gold pieces.
You paid 79 gold pieces to Gozag.

Inventory:

Hand Weapons
 b - a +2 vampiric short sword (weapon) {!w}
   (You took it off a kobold on level 4 of the Dungeon)
 f - a +2 dagger of protection
   (You found it on level 1 of the Dungeon)
 k - a +3 dagger
   (You took it off a kobold on level 2 of the Dungeon)
Armour
 a - a +2 helmet (worn)
   (You found it on level 7 of the Dungeon)
 v - a +0 cloak (worn)
   (You found it on level 5 of the Dungeon)
 w - a +0 kite shield
   (You took it off an orc on level 5 of the Dungeon)
 B - a +0 buckler (worn)
   (You took it off an orc on level 5 of the Dungeon)
 C - the +3 leather armour "Xaukhliuhe" (worn) {Fly rPois}
   (You found it on level 6 of the Dungeon)

   rPois:     It protects you from poison.
   Fly:       It grants you flight.
 G - +0 steam dragon scales
   (You found it on level 7 of the Dungeon)
Jewellery
 y - a ring of flight (left claw)
   (You found it on level 5 of the Dungeon)
 D - a +4 ring of evasion (right claw)
   (You took it off an orc priest on level 6 of the Dungeon)
Wands
 h - a wand of light (3)
   (You found it on level 3 of the Dungeon)
 r - a wand of digging (8)
   (You took it off Ijyb on level 4 of the Dungeon)
 E - a wand of charming (5)
   (You took it off a kobold on level 6 of the Dungeon)
Scrolls
 c - 9 scrolls of identify {unknown}
 d - 3 scrolls of teleportation {unknown}
 i - 2 scrolls of amnesia {unknown}
 m - a scroll of enchant weapon {unknown}
 o - 3 scrolls of immolation {unknown}
 p - 2 scrolls of fear {unknown}
 q - a scroll of magic mapping {unknown}
 t - a scroll of vulnerability {unknown}
 u - a scroll of poison {unknown}
 F - a scroll of summoning {unknown}
Potions
 e - 7 potions of curing {@q1}
 g - 2 potions of attraction {!q}
 j - 3 potions of cancellation
 l - 3 potions of heal wounds {unknown}
 n - a potion of berserk rage {unknown}
 s - a potion of lignification {unknown}
 x - a potion of degeneration {!q}
 z - 2 potions of mutation {unknown}
 A - a potion of brilliance {unknown}
 H - a potion of resistance {unknown}


   Skills:
 + Level 4.7 Fighting
 * Level 6.1 Short Blades
 - Level 1.7 Dodging
 - Level 1.7 Stealth
 + Level 5.9 Spellcasting
 - Level 8.1 Necromancy


You had 11 spell levels left.
You knew the following spells:

 Your Spells              Type           Power      Damage    Failure   Level
a - Necrotise             Necr           100%       1d9       1%          1
b - Vampiric Draining     Necr           32%        2d8       3%          3
c - Animate Dead          Necr           32%        N/A       11%         4

Your spell library contained the following spells:

 Spells                   Type           Power      Damage    Failure   Level
 Agony                    Necr           32%        N/A       28%         5
 Summon Small Mammal      Summ           20%        N/A       30%         1
 Call Canine Familiar     Summ           5%         N/A       65%         3
 Conjure Flame            Conj/Fire      5%         6-21      65%         3
 Dazzling Flash           Conj/Hex       10%        N/A       65%         3
 Ignite Poison            Fire/Tmut/Pois 5%         N/A       65%         3
 Inner Flame              Hex/Fire       5%         N/A       65%         3
 Summon Guardian Golem    Hex/Summ       5%         N/A       65%         3
 Cause Fear               Hex            2%         N/A       96%         4
 Fulminant Prism          Conj/Hex       2%         3d6       96%         4
 Iskenderun's Mystic Bla  Conj/Tloc      5%         2d3       96%         4
 Sticky Flame             Conj/Fire      5%         2d3       96%         4
 Lee's Rapid Deconstruct  Erth           2%         3d6*      100%        5
 Silence                  Hex/Air        2%         N/A       100%        5
 Discord                  Hex            2%         N/A       100%        8


Dungeon Overview and Level Annotations

Branches:
Dungeon (8/15) Zot: 26614  Temple (1/1) D:4 Zot: 5776
   Lair: D:8-11

Altars:
Ashenzari
Cheibriados
Dithmenos
Fedhas
Gozag
Hepliaklqana
Nemelex Xobeh
Okawaru
Qazlal
Ru
Sif Muna
Trog
Uskayaw
Vehumet
Wu Jian
Xom
Yredelemnul

Annotations:
D:4 Eustachio, Natasha, Sigmund
D:5 2 transporters, duchin's ghost, amateur MiFi
D:8 Gastronok; Grum


Innate Abilities, Weirdness & Mutations

You have sharp fingernails.
You are mostly covered in rugged brown scales. (AC +2, +5% HP)
You regenerate health from kills.
You sometimes gain a little power by taking damage.


Message History

You wobble.
You barely miss Gastronok.
The quokka bites you but does no damage.
The bat hits you but does no damage.
You hit Gastronok. The bat hits you but does no damage. The quokka misses you.
Gastronok bites you!!
You focus on the pain.
You feel agile all of a sudden.
You hit Gastronok. The bat misses you. You block the quokka's attack. x2
You hit Gastronok.
Gastronok gurgles.
Gastronok bites you. The quokka misses you.
You hit Gastronok. The bat hits you but does no damage.
The quokka completely misses you.
You hit Gastronok.
You feel better. The quokka misses you. The bat misses you.
Gastronok bites you!!
* * * LOW HITPOINT WARNING * * *
You focus on the pain.
You feel more agile all of a sudden.
Aim: Gastronok, wearing a +0 hat of intelligence (heavily wounded, covering ground quickly)
You draw life force from Gastronok.
You feel life coursing into your body. The bat misses you.
The quokka bites you but does no damage.
You hit Gastronok.
You feel better. The bat hits you but does no damage. The quokka misses you.
You hit Gastronok but do no damage. The bat hits you.
* * * LOW HITPOINT WARNING * * *
The quokka bites you but does no damage.
Gastronok waves his eye-stalks in wide circles.
The air twists around and strikes you!!
* * * LOW HITPOINT WARNING * * *
It was a potion of cancellation.
Your magical effects are unravelling.
You feel magically purged.
You feel a little less agile now. The bat misses you.
The quokka bites you but does no damage.
It was a potion of curing.
You feel better. The bat barely misses you. You block the quokka's attack.
You feel briefly sluggish.
It was a potion of attraction.
You feel attractive to monsters. You block the quokka's attack.
It was a potion of degeneration.
There was something very wrong with that liquid.
You feel weakened.
You feel dopey.
You feel clumsy. The bat barely misses you.
The quokka bites you but does no damage.
Gastronok bites you!!
You die...
Your body crumbles into a pile of gold.

.##..#####.########
.##................$
.##.######.########
....# #.# #.. .####
#.####.#
.#########.##.#.#
...........#.#..#
............###b########
#######....#.#.r@wr>...#
#.#####.########.# #.
#.# #. # # #


You could see Gastronok (swift), a quokka (summoned), a bat (summoned) and a rat
(summoned).

Vanquished Creatures
  Prince Ribbit (D:7)
  A wyvern (D:7)
  2 orc warriors
  2 sky beasts
  A wolf (D:7)
  2 kobold brigands
  A gnoll sergeant (D:6)
  A bullfrog (D:7)
  A necrophage (D:5)
  4 scorpions
  3 killer bees (D:6)
  A howler monkey (D:4)
  5 orc priests
  2 hounds (D:5)
  3 jellies
  4 iguanas
  Ijyb (D:4)
  Natasha (D:4)
  2 orc wizards (D:6)
  4 gnolls
  3 adders
  A shadow imp (D:7)
  4 white imps
  An ufetubus (D:6)
  4 dart slugs
  13 orcs
  5 endoplasms
  3 giant cockroaches
  2 goblins
  8 hobgoblins
  2 jackals (D:4)
  3 quokkas
  13 ball pythons
  3 bats
  4 frilled lizards
  14 kobolds
  3 rats
128 creatures vanquished.

Vanquished Creatures (collateral kills)
  An orc (D:4)
  An endoplasm (D:1)
  2 kobolds (D:1)
  A rat (D:1)
5 creatures vanquished.

Vanquished Creatures (others)
  A quokka (D:6)
  9 plants (D:2)
10 creatures vanquished.

Grand Total: 143 creatures vanquished

Notes
Turn   | Place    | Note
-------+----------+-------------------------------------------
     0 | D:1      | GeoRichter the Demonspawn Necromancer began the quest for
                  | the Orb.
     0 | D:1      | Reached XP level 1. HP: 13/13 MP: 3/3
   175 | D:1      | Gained mutation: You are partially covered in rugged brown
                  | scales. (AC +1, +3% HP) [demonic ancestry]
   175 | D:1      | Reached XP level 2. HP: 13/19 MP: 3/5
   355 | D:1      | Reached skill level 5 in Necromancy
   776 | D:1      | Reached XP level 3. HP: 24/24 MP: 3/6
   901 | D:2      | You fall into a shaft and drop 1 floor!
  1041 | D:2      | Learned a level 3 spell: Vampiric Draining
  1436 | D:2      | Found a faded altar of an unknown god.
  1845 | D:3      | Gained mutation: You sometimes gain a little power by
                  | taking damage. [demonic ancestry]
  1845 | D:3      | Reached XP level 4. HP: 30/30 MP: 3/8
  2490 | D:3      | Found a basalt altar of Yredelemnul.
  2628 | D:3      | Found a bloodstained altar of Trog.
  2726 | D:3      | Learned a level 4 spell: Animate Dead
  2727 | D:4      | Found a staircase to the Ecumenical Temple.
  2736 | D:4      | Noticed a scorpion
  2741 | D:4      | Killed a scorpion
  2742 | D:4      | Reached skill level 6 in Necromancy
  2742 | D:4      | Gained mutation: You regenerate a little health from kills.
                  | [demonic ancestry]
  2742 | D:4      | Reached XP level 5. HP: 36/36 MP: 4/9
  2784 | D:4      | Noticed Ijyb
  2793 | D:4      | Killed Ijyb
  2837 | Temple   | Entered the Ecumenical Temple
  3042 | Temple   | Became a worshipper of Gozag Ym Sagoz the Greedy
  3169 | D:4      | Reached skill level 7 in Necromancy
  3169 | D:4      | Reached XP level 6. HP: 42/42 MP: 7/11
  3284 | D:4      | Found a blossoming altar of Fedhas.
  3430 | D:4      | Noticed Natasha
  3463 | D:4      | Killed Natasha
  3667 | D:4      | Found an iron altar of Okawaru.
  3668 | D:4      | Noticed Sigmund
  3860 | D:4      | Noticed Eustachio
  3864 | D:4      | Noticed Natasha
  4234 | D:5      | Entered Level 5 of the Dungeon
  4239 | D:5      | Found a stormy altar of Qazlal.
  4495 | D:5      | Found a transporter.
  4549 | D:5      | Reached skill level 1 in Short Blades
  4549 | D:5      | Gained mutation: You have sharp fingernails. [demonic
                  | ancestry]
  4549 | D:5      | Reached XP level 7. HP: 27/48 MP: 2/13
  4599 | D:5      | HP: 2/48 [iguana (7)]
  4604 | D:5      | Reached skill level 1 in Fighting
  4949 | D:5      | Reached skill level 8 in Necromancy
  5195 | D:5      | Noticed duchin's ghost (amateur MiFi)
  5196 | D:5      | Found a transporter.
  6187 | D:6      | Identified the +3 leather armour "Xaukhliuhe" {Fly rPois}
  6419 | D:6      | HP: 2/51 [orc warrior/+0 war axe (20)]
  6732 | D:6      | Gained mutation: You regenerate health from kills. [demonic
                  | ancestry]
  6732 | D:6      | Reached XP level 8. HP: 26/58 MP: 1/15
  7433 | D:6      | Reached skill level 5 in Spellcasting
  8182 | D:7      | Noticed Prince Ribbit
  8205 | D:7      | Killed Prince Ribbit
  8206 | D:7      | Reached skill level 5 in Short Blades
  8721 | D:7      | Gained mutation: You are mostly covered in rugged brown
                  | scales. (AC +2, +5% HP) [demonic ancestry]
  8721 | D:7      | Reached XP level 9. HP: 54/69 MP: 13/17
  8800 | D:7      | Found a sacrificial altar of Ru.
  8986 | D:7      | Found a shadowy altar of Dithmenos.
  8995 | D:7      | Found a shimmering altar of Xom.
  9137 | D:8      | Noticed Grum
  9144 | D:8      | Noticed a gargoyle
  9464 | D:8      | Noticed Gastronok
  9493 | D:8      | Demolished by Gastronok

Illustrated notes

Levels and vault maps discovered:
D:1:      roderic_octagonal_star, layout_rooms
D:2:      layout_loops_cross, dilly_ecumenical_altar_fadedgnrine
D:3:      layout_loops_corners, mainiacjoe_overflow_alcove_4,
          mainiacjoe_overflow_cross_hatched, minmay_misc_feat_tiny, minivault_4
D:4:      minmay_opposing_rooms, layout_loops_ring,
          mainiacjoe_overflow_24_doors, mainiacjoe_overflow_six_doors_small,
          temple_statues, uniq_ijyb, uniq_natasha, uniq_sigmund, uniq_eustachio
D:5:      layout_basic, nicolae_qazlal_scattered_showers, serial_curves,
          eino_curves_04, eino_curves_01, gammafunk_ghost_mausoleum,
          minivault_4, minmay_misc_feat_secret_circle
D:6:      layout_loops_ring, elyvilon_altar_4
D:7:      layout_cave_pools, nicolae_ru_awakened_eye, mainiacjoe_overflow_swirl,
          uniq_prince_ribbit1
D:8:      layout_loops_ring, mainiacjoe_overflow_catwalk, uniq_grum, uniq_pikel,
          uniq_gastronok, uniq_psyche
Temple:   nicolae_temple_bog_church

Skill      XL: |  1  2  3  4  5  6  7  8  9 |
---------------+----------------------------+-----
Necromancy     | 5 6 7 8 |  8.1
Spellcasting   | 3 4 5 |  5.9
Short Blades   | 1 3 5 6 |  6.1
Fighting       | 2 4 |  4.7
Dodging        | |  1.7
Stealth        | |  1.7

Action                   |  1- 3 |  4- 6 |  7- 9 || total
-------------------------+-------+-------+-------++-------
Melee: Dagger            |     5 |    22 |    35 ||    62
       Short sword       |       |       |   203 ||   203
 Cast: Necrotise         |    77 |    65 |    44 ||   186
       Vampiric Draining |       |    11 |    62 ||    73
  Use: Potion            |       |     1 |     4 ||     5
 Stab: Sleeping          |       |       |     1 ||     1
Armor: Robe              |     2 |    14 |    19 ||    35
       Leather armour    |       |       |    73 ||    73
Dodge: Dodged            |     2 |    69 |   161 ||   232
Block: Buckler           |       |       |    30 ||    30
